 Dungeon Crawl Stone Soup version 0.23-a0-405-g368ce00 (webtiles) character file.

100639 Ijustatesigmund the Thaumaturge (level 16, -9/123 HPs)
             Began as a Gnoll Wizard on Nov 3, 2018.
             Was the Champion of Cheibriados.
             Mangled by a shambling mangrove (14 damage)
             ... on level 2 of the Swamp on Nov 6, 2018.
             The game lasted 01:57:17 (33576 turns).

Ijustatesigmund the Thaumaturge (Gnoll Wizard)     Turns: 33576, Time: 01:57:18

Health: -9/123     AC: 26    Str: 25    XL:     16   Next: 28%
Magic:  23/32      EV: 20    Int: 35    God:    Cheibriados [******]
Gold:   1416       SH: 14    Dex: 32    Spells: 12/39 levels left

rFire    + + +     SeeInvis .   D - +8 broad axe (pain)
rCold    + + .     Gourm    .   I - +1 buckler
rNeg     . . .     Faith    .   H - +1 shadow dragon scales
rPois    +         Spirit   .   b - +2 helmet
rElec    .         Reflect  +   B - scarf {rC+ rF+}
rCorr    +         Harm     .   K - +4 pair of gloves of the Eternal Fruit {rPois rF+++ rCorr Int-4}
MR       +....                  O - +0 pair of boots
Stlth    +++++++...             j - +4 amulet of reflection
HPRegen  0.30/turn              q - +3 ring of evasion
MPRegen  0.23/turn              y - ring of protection from cold

@: grasped by roots, constricted, very slow
A: distributed training, fangs 1, strong nose
a: Bend Time, Temporal Distortion, Slouch, Step From Time, Renounce Religion


You were on level 2 of the Swamp.
You worshipped Cheibriados.
Cheibriados was exalted by your worship.
You were not hungry.

You visited 5 branches of the dungeon, and saw 23 of its levels.
You also visited: Labyrinth, Bailey, Ice Cave and Volcano.

You collected 2533 gold pieces.
You spent 1117 gold pieces at shops.

Inventory:

Hand Weapons
 c - a +1 morningstar of crushing
 D - a +8 broad axe of pain (weapon)
Missiles
 A - 18 javelins (quivered)
Armour
 b - a +2 helmet (worn)
 B - a scarf of resistance (worn)
 H - +1 shadow dragon scales (worn)
 I - a +1 buckler (worn)
 K - the +4 pair of gloves of the Eternal Fruit (worn) {rPois rF+++ rCorr Int-4}
   (You found it on level 11 of the Dungeon)

   It affects your intelligence (-4).
   It renders you almost immune to fire.
   It protects you from poison.
   It provides partial protection from all sources of acid and corrosion.
 O - a +0 pair of boots (worn)
Jewellery
 f - an uncursed ring of ice
 j - a +4 amulet of reflection (around neck)
 q - a +3 ring of evasion (left hand)
 x - an uncursed ring of wizardry
 y - a ring of protection from cold (right hand)
 P - an uncursed ring of protection from magic
Wands
 J - a wand of paralysis (7)
 Q - a wand of iceblast (10)
 V - a wand of digging (6)
Scrolls
 k - 4 scrolls of immolation
 l - 4 scrolls of teleportation
 m - 6 scrolls of amnesia
 u - 10 scrolls of remove curse
 v - a scroll of identify
 z - 2 scrolls of summoning
 R - 2 scrolls of fear
 X - a scroll of brand weapon
Potions
 e - 7 potions of curing
 h - 4 potions of flight
 i - 2 potions of brilliance
 n - 2 potions of ambrosia
 t - a potion of resistance
 C - 3 potions of heal wounds
 E - 2 potions of cancellation
 N - 2 potions of mutation
 T - 2 potions of agility
Miscellaneous
 a - a lamp of fire
 g - a lamp of fire
 Y - a box of beasts
Comestibles
 d - 26 rations


   Skills:
 + Level 10.5 Fighting
 + Level 10.5 Short Blades
 + Level 10.5 Long Blades
 + Level 10.5 Axes
 + Level 10.5 Maces & Flails
 + Level 10.5 Polearms
 + Level 10.5 Staves
 + Level 10.5 Slings
 + Level 10.5 Bows
 + Level 10.5 Crossbows
 + Level 10.5 Throwing
 + Level 10.5 Armour
 + Level 11.4 Dodging
 + Level 11.2 Stealth
 + Level 10.5 Shields
 + Level 10.5 Unarmed Combat
 + Level 12.4 Spellcasting
 + Level 9.2 Conjurations
 + Level 8.9 Hexes
 + Level 8.9 Charms
 + Level 9.2 Summonings
 + Level 8.9 Necromancy
 + Level 9.2 Translocations
 + Level 8.9 Transmutations
 + Level 8.9 Fire Magic
 + Level 8.9 Ice Magic
 + Level 8.9 Air Magic
 + Level 8.9 Earth Magic
 + Level 8.9 Poison Magic
 + Level 11.4 Invocations
 + Level 10.5 Evocations


You had 12 spell levels left.
You knew the following spells:

 Your Spells              Type           Power        Failure   Level  Hunger
a - Magic Dart            Conj           ####         1%          1    None
b - Blink                 Tloc           N/A          1%          2    None
c - Conjure Flame         Conj/Fire      ######..     1%          3    None
d - Mephitic Cloud        Conj/Pois/Air  ######..     1%          3    None
e - Regeneration          Chrm/Necr      ######....   1%          3    None
f - Apportation           Tloc           ######       1%          1    None
g - Ice Form              Ice/Tmut       ######..     2%          4    None
h - Fulminant Prism       Conj/Hex       ######....   2%          4    None
i - Freezing Cloud        Conj/Ice/Air   ######....   34%         6    ###....

Your spell library contained the following spells:

 Spells                   Type           Power        Failure   Level  Hunger
 Animate Skeleton         Necr           N/A          1%          1    None
 Beastly Appendage        Tmut           ######       1%          1    None
 Confusing Touch          Hex            ######       1%          1    None
 Corona                   Hex            ######.      1%          1    None
 Pain                     Necr           ####         1%          1    None
 Summon Small Mammal      Summ           ####         1%          1    None
 Call Imp                 Summ           ######..     1%          2    None
 Ensorcelled Hibernation  Hex/Ice        ######       1%          2    None
 Poisonous Vapours        Pois/Air       ######       1%          2    None
 Searing Ray              Conj           ######       1%          2    None
 Slow                     Hex            ######..     1%          2    None
 Sticks to Snakes         Tmut           ######..     1%          2    None
 Call Canine Familiar     Summ           ######..     1%          3    None
 Confuse                  Hex            ######..     1%          3    None
 Dazzling Spray           Conj/Hex       ######       1%          3    None
 Spider Form              Tmut/Pois      ######....   1%          3    None
 Summon Guardian Golem    Hex/Summ       ######..     1%          3    None
 Tukima's Dance           Hex            ######..     1%          3    None
 Vampiric Draining        Necr           ######....   1%          3    None
 Force Lance              Conj/Tloc      ######..     1%          4    None
 Iskenderun's Mystic Bla  Conj           ######..     1%          4    None
 Animate Dead             Necr           N/A          2%          4    None
 Summon Ice Beast         Ice/Summ       ######..     2%          4    None
 Summon Lightning Spire   Summ/Air       ######..     2%          4    None
 Blade Hands              Tmut           ######....   7%          5    None
 Ring of Flames           Chrm/Fire      ######....   90%         7    #####..


Dungeon Overview and Level Annotations

Branches:
Dungeon (12/15)            Temple (1/1) D:5            Lair (6/6) D:11
  Swamp (2/4) Lair:3        Snake (0/4) Lair:2        Slime (0/5) Lair:5
    Orc (2/2) D:9             Elf (0/3) Orc:2

Altars:
Cheibriados
Dithmenos
Hepliaklqana
Makhleb
Qazlal
Vehumet
Xom

Shops:
D:10 =   D:11 !   Orc:2 *(:[

Portals:
Trove: D:10 (give +5 demon blade)

Annotations:
D:12 3 runed doors, Kyitigoi's ghost, journeyman DrFi
Lair:1 exclusion: oklob plant


Innate Abilities, Weirdness & Mutations

Your experience applies equally to all skills.
You have very sharp teeth.
Your uncanny sense of smell can sniff out nearby items.


Message History

You slash the shambling mangrove!
You bite the shambling mangrove, but do no damage.
The shambling mangrove is severely damaged.
You block the shambling mangrove's attack.
* * * LOW HITPOINT WARNING * * *
The grasping roots constrict you.
You slash the shambling mangrove!
The shambling mangrove is almost destroyed.
You closely miss the hornet. You block the hornet's attack.
The hornet closely misses you.
You can feel time thicken for a moment.
You kill the hornet!
Cheibriados thoroughly appreciates the change of pace.
You kill the hornet!
Cheibriados thoroughly appreciates the change of pace.
You kill the hornet!
Cheibriados thoroughly appreciates the change of pace.
You feel somewhat more hungry. The shambling mangrove hits you!!
* * * LOW HITPOINT WARNING * * *
You die...

≈. ♣♣.≈.♣♣♣♣♣..≈♣
≈.♣ ♣.≈≈≈.≈§≈≈...♣♣
.≈≈. ♣.≈†<.♣(≈≈≈≈≈)♣
..≈≈♣♣..†♣♣♣♣.≈≈≈≈.♣
♣.>.≈.≈.♣♣♣♣(..≈≈≈♣♣
♣♣♣♣♣.≈§≈≈≈≈≈...%.♣
♣≈....≈≈≈..♣≈≈♣
♣♣≈...§≈f≈≈.♣♣♣
♣...♣♣♣.)@≈.≈≈♣
♣♣.≈≈♣♣♣♣♣.....♣
♣≈...≈♣♣....♣♣≈♣
♣♣♣♣♣≈♣♣♣..♣...♣
♣.≈≈≈.≈♣≈♣♣.≈♣♣
♣.≈≈≈.♣.≈♣♣§≈♣
♣♣♣♣♣.≈≈.♣.....≈♣
♣♣♣≈≈≈♣♣..(......§♣
♣≈≈≈≈≈.♣.≈≈≈.≈.≈♣♣≈≈


You could see a shambling mangrove.

Vanquished Creatures
  Frances (Swamp:2)
  Gastronok (Orc:1)
  2 thorn hunters
  An orc warlord (Orc:2)
  The ghost of Soeti the Martial Artist, a journeyman OpTm of Cheibriados (Orc:2)
  Nessos (Lair:5)
  A minotaur (Lab)
  A red draconian (Volcano)
  An ettin (Orc:2)
  A blizzard demon (IceCv)
  Erolcha (Orc:1)
  6 hydras
  10 two-headed ogres
  An ogre mage (Volcano)
  18 death yaks
  4 alligators
  2 orc high priests (Orc:2)
  Sonja (Orc:1)
  5 orc knights
  4 oklob plants (Lair:5)
  8 deep elf magi
  4 orc sorcerers (Orc:2)
  2 ice statues (IceCv)
  3 black mambas
  2 gargoyles
  A torpor snail (Lair:4)
  23 spiny frogs
  A rime drake (Lair:1)
  14 ice devils (IceCv)
  4 yaktaurs (D:12)
  11 komodo dragons
  4 trolls
  A polar bear (Lair:6)
  3 tyrant leeches (Lair:6)
  7 hippogriffs
  18 dream sheep (Lair:6)
  4 hornets (Swamp:2)
  13 slime creatures
  A bog body (Swamp:1)
  23 blink frogs (Lair:6)
  A spriggan (Swamp:2)
  A redback (Lab)
  25 yaks
  A wyvern (Lair:3)
  Sigmund (D:6)
  A basilisk (Lair:6)
  A fire elemental (Lair:4)
  11 vampire mosquitoes
  Edmund (D:6)
  8 hungry ghosts
  3 swamp worms
  3 wargs
  15 water moccasins
  10 porcupines
  38 orc warriors
  5 swamp drakes (Swamp:1)
  2 ice beasts
  4 sky beasts
  A black bear (D:8)
  2 phantoms
  6 wolves (Lair:2)
  4 centaurs
  15 ogres
  3 crocodiles
  A big kobold (D:8)
  30 bullfrogs
  Blork the orc (D:5)
  2 gnoll sergeants
  A wyvern zombie (D:8)
  An earth elemental (Lab)
  2 wyvern skeletons
  4 scorpions
  4 killer bees
  5 electric eels
  3 howler monkeys (D:11)
  2 centaur zombies
  A bullfrog zombie (D:8)
  10 crimson imps
  2 hounds
  3 jellies
  A quasit (D:7)
  A centaur skeleton (D:10)
  15 orc priests
  22 orc wizards
  3 bullfrog skeletons
  11 iguanas
  Terence (D:2)
  5 hell rats (Lair:6)
  6 worker ants
  3 hound skeletons
  A worker ant zombie (D:9)
  19 gnolls
  25 adders
  2 shadow imps
  10 white imps (IceCv)
  4 ufetubi (IceCv)
  An ooze (D:5)
  An adder zombie (D:6)
  2 adder skeletons
  4 worms
  A dart slug (D:2)
  8 leopard geckos
  111 orcs
  A ball python (D:3)
  3 giant cockroaches (D:1)
  12 goblins
  10 hobgoblins
  6 jackals
  25 kobolds
  4 quokkas
  7 bats
  10 frilled lizards
  2 quokka skeletons (D:6)
  8 rats
  A briar patch (Swamp:1)
  5 plants (Lair:5)
795 creatures vanquished.

Vanquished Creatures (others)
  A two-headed ogre (Volcano)
  3 ufetubi (IceCv)
  2 orcs (Orc:1)
  3 kobolds (Bailey)
  2 briar patches (Swamp:2)
  A bush (Lair:6)
  11 fulminant prisms
  35 fungi
  60 plants
118 creatures vanquished.

Grand Total: 913 creatures vanquished

Notes
Turn   | Place    | Note
-------+----------+-------------------------------------------
     0 | D:1      | Ijustatesigmund the Gnoll Wizard began the quest for the
                  | Orb.
     0 | D:1      | Reached XP level 1. HP: 13/13 MP: 8/8
   112 | D:1      | Reached XP level 2. HP: 19/19 MP: 2/10
   116 | D:1      | Learned a level 2 spell: Blink
   569 | D:2      | Reached XP level 3. HP: 25/25 MP: 1/11
   581 | D:2      | Learned a level 3 spell: Conjure Flame
   693 | D:2      | Reached skill level 1 in Invocations
   959 | D:2      | Reached skill level 1 in Fighting
   959 | D:2      | Reached skill level 1 in Short Blades
   959 | D:2      | Reached skill level 1 in Long Blades
   959 | D:2      | Reached skill level 1 in Axes
   959 | D:2      | Reached skill level 1 in Maces & Flails
   959 | D:2      | Reached skill level 1 in Polearms
   959 | D:2      | Reached skill level 1 in Staves
   959 | D:2      | Reached skill level 1 in Slings
   959 | D:2      | Reached skill level 1 in Bows
   959 | D:2      | Reached skill level 1 in Crossbows
   959 | D:2      | Reached skill level 1 in Throwing
   959 | D:2      | Reached skill level 1 in Armour
   959 | D:2      | Reached skill level 1 in Shields
   959 | D:2      | Reached skill level 1 in Unarmed Combat
   959 | D:2      | Reached skill level 1 in Evocations
   959 | D:2      | Reached XP level 4. HP: 24/32 MP: 4/13
  1066 | D:2      | Noticed Terence
  1084 | D:2      | Killed Terence
  1084 | D:2      | Reached skill level 1 in Hexes
  1084 | D:2      | Reached skill level 1 in Charms
  1084 | D:2      | Reached skill level 1 in Necromancy
  1084 | D:2      | Reached skill level 1 in Transmutations
  1084 | D:2      | Reached skill level 1 in Fire Magic
  1084 | D:2      | Reached skill level 1 in Ice Magic
  1084 | D:2      | Reached skill level 1 in Air Magic
  1084 | D:2      | Reached skill level 1 in Earth Magic
  1084 | D:2      | Reached skill level 1 in Poison Magic
  1174 | D:2      | Learned a level 3 spell: Mephitic Cloud
  1300 | D:2      | Reached XP level 5. HP: 37/37 MP: 4/14
  2412 | D:3      | Upgraded the game from 0.23-a0-398-g8eab93f to
                  | 0.23-a0-404-g0063841
  2815 | D:3      | Reached XP level 6. HP: 37/44 MP: 1/16
  3413 | D:4      | Reached skill level 5 in Dodging
  3645 | D:5      | Entered Level 5 of the Dungeon
  3878 | D:5      | Reached XP level 7. HP: 31/50 MP: 18/18
  4720 | D:4      | Reached skill level 5 in Stealth
  4982 | D:4      | Found a hazy altar of Hepliaklqana.
  5171 | D:5      | Reached XP level 8. HP: 27/57 MP: 19/19
  5329 | D:5      | Learned a level 3 spell: Regeneration
  5454 | D:5      | Found a staircase to the Ecumenical Temple.
  5649 | D:5      | Noticed Blork the orc
  5657 | D:5      | Killed Blork the orc
  6324 | Temple   | Entered the Ecumenical Temple
  6331 | Temple   | Became a worshipper of Cheibriados the Contemplative
  6932 | D:6      | Reached skill level 8 in Spellcasting
  8045 | D:6      | Noticed Sigmund
  8053 | D:6      | Noticed Edmund
  8420 | D:6      | Reached * piety under Cheibriados
  8427 | D:6      | Reached XP level 9. HP: 36/65 MP: 15/21
  8447 | D:6      | Killed Edmund
  8464 | D:6      | Killed Sigmund
  9916 | D:7      | Found a shadowy altar of Dithmenos.
  9953 | D:7      | Reached ** piety under Cheibriados
 11036 | D:8      | Reached skill level 5 in Invocations
 11294 | D:8      | Reached XP level 10. HP: 8/73 MP: 8/22
 12218 | D:8      | Reached skill level 5 in Fighting
 12218 | D:8      | Reached skill level 5 in Short Blades
 12218 | D:8      | Reached skill level 5 in Long Blades
 12218 | D:8      | Reached skill level 5 in Axes
 12218 | D:8      | Reached skill level 5 in Maces & Flails
 12218 | D:8      | Reached skill level 5 in Polearms
 12218 | D:8      | Reached skill level 5 in Staves
 12218 | D:8      | Reached skill level 5 in Slings
 12218 | D:8      | Reached skill level 5 in Bows
 12218 | D:8      | Reached skill level 5 in Crossbows
 12218 | D:8      | Reached skill level 5 in Throwing
 12218 | D:8      | Reached skill level 5 in Armour
 12218 | D:8      | Reached skill level 5 in Shields
 12218 | D:8      | Reached skill level 5 in Unarmed Combat
 12218 | D:8      | Reached skill level 5 in Evocations
 12851 | D:9      | Reached skill level 9 in Spellcasting
 12857 | D:9      | Reached *** piety under Cheibriados
 13128 | D:9      | Reached skill level 5 in Conjurations
 13128 | D:9      | Reached skill level 5 in Summonings
 13128 | D:9      | Reached skill level 5 in Translocations
 13402 | D:9      | Reached **** piety under Cheibriados
 13770 | D:9      | Found a staircase to the Orcish Mines.
 13783 | D:9      | Noticed a two-headed ogre
 13810 | D:9      | Killed a two-headed ogre
 13810 | D:9      | Reached XP level 11. HP: 56/81 MP: 15/24
 13864 | D:9      | Reached ***** piety under Cheibriados
 14340 | D:10     | Entered Level 10 of the Dungeon
 14451 | D:10     | Learned a level 1 spell: Apportation
 15074 | D:10     | Learned a level 4 spell: Ice Form
 15268 | D:10     | Found a portal to a secret trove of treasure.
 15402 | D:10     | Found Feuskiu's Jewellery Boutique.
 15418 | D:10     | Bought a +4 amulet of reflection for 351 gold pieces
 15676 | D:11     | Found a flagged portal.
 15683 | Bailey   | Entered a bailey
 15995 | Bailey   | Noticed an orc knight
 16002 | Bailey   | Killed an orc knight
 16002 | Bailey   | Reached skill level 5 in Hexes
 16002 | Bailey   | Reached skill level 5 in Charms
 16002 | Bailey   | Reached skill level 5 in Necromancy
 16002 | Bailey   | Reached skill level 5 in Transmutations
 16002 | Bailey   | Reached skill level 5 in Fire Magic
 16002 | Bailey   | Reached skill level 5 in Ice Magic
 16002 | Bailey   | Reached skill level 5 in Air Magic
 16002 | Bailey   | Reached skill level 5 in Earth Magic
 16002 | Bailey   | Reached skill level 5 in Poison Magic
 16301 | D:11     | Noticed a death yak
 16306 | D:11     | Noticed a death yak
 16307 | D:11     | Noticed a death yak
 16310 | D:11     | Noticed a death yak
 16311 | D:11     | Noticed a death yak
 16819 | D:11     | Got a pair of crude gloves
 16830 | D:11     | Identified the +4 pair of gloves of the Eternal Fruit
                  | {rPois rF+++ rCorr Int-4} (You found it on level 11 of the
                  | Dungeon)
 16876 | D:11     | Found Milec's Distillery.
 16879 | D:11     | Bought 2 potions of might for 80 gold pieces
 16879 | D:11     | Bought a potion of heal wounds for 50 gold pieces
 16879 | D:11     | Bought a potion of invisibility for 80 gold pieces
 16879 | D:11     | Bought a potion of mutation for 80 gold pieces
 16943 | D:11     | Found a staircase to the Lair.
 16999 | D:11     | Killed a death yak
 17002 | D:11     | Killed a death yak
 17002 | D:11     | Killed a death yak
 17006 | D:11     | Killed a death yak
 17006 | D:11     | Reached XP level 12. HP: 59/89 MP: 25/25
 17010 | D:11     | Killed a death yak
 17729 | D:12     | Reached skill level 10 in Spellcasting
 18234 | D:12     | Found a runed gate.
 18234 | D:12     | Found a runed gate.
 18235 | D:12     | Found a runed gate.
 18236 | D:12     | Noticed Kyitigoi's ghost (journeyman DrFi)
 18402 | D:12     | Reached ****** piety under Cheibriados
 18608 | Lair:1   | Entered Level 1 of the Lair of Beasts
 19735 | Lair:2   | Noticed a death yak
 19735 | Lair:2   | Noticed a death yak
 19735 | Lair:2   | Noticed a death yak
 19735 | Lair:2   | Noticed a death yak
 19735 | Lair:2   | Noticed a death yak
 19958 | Lair:2   | Found a staircase to the Snake Pit.
 20038 | Lair:2   | Killed a death yak
 20050 | Lair:2   | Killed a death yak
 20063 | Lair:2   | Killed a death yak
 20073 | Lair:2   | Killed a death yak
 20083 | Lair:2   | Killed a death yak
 20453 | Lair:2   | Reached XP level 13. HP: 98/98 MP: 27/27
 21080 | Lair:3   | Found a staircase to the Swamp.
 22191 | Lair:3   | Upgraded the game from 0.23-a0-404-g0063841 to
                  | 0.23-a0-405-g368ce00
 24201 | Lair:5   | Found a staircase to the Slime Pits.
 24239 | Lair:5   | Noticed Nessos
 24245 | Lair:5   | Found a dark tunnel.
 24257 | Volcano  | Entered a volcano
 24280 | Volcano  | Found a bloodstained altar of Trog.
 24281 | Volcano  | Noticed a red draconian
 24298 | Volcano  | Reached skill level 11 in Spellcasting
 24316 | Volcano  | Killed a red draconian
 24504 | Lair:5   | Killed Nessos
 24504 | Lair:5   | Reached XP level 14. HP: 69/106 MP: 29/29
 25266 | Lair:5   | Learned a level 4 spell: Fulminant Prism
 25884 | Lair:5   | Got a warped great sword
 25885 | Lair:5   | Identified the +3 great sword of Dawn {drain, Int+6} (You
                  | found it on level 5 of the Lair of Beasts)
 25908 | Lair:5   | Got a polished great mace
 25909 | Lair:5   | Identified the +9 great mace of Wyrd {drain, *Slow rElec
                  | Dex+3} (You found it on level 5 of the Lair of Beasts)
 25954 | Lair:6   | Entered Level 6 of the Lair of Beasts
 25972 | Lair:6   | Reached skill level 10 in Dodging
 26005 | Lair:6   | Found a labyrinth entrance.
 26014 | Lab      | Entered a labyrinth
 26911 | Lab      | Reached skill level 10 in Stealth
 27063 | Lair:6   | Reached skill level 10 in Invocations
 27564 | Lair:6   | Found a burning altar of Makhleb.
 28063 | Lair:6   | Reached XP level 15. HP: 62/114 MP: 25/30
 29244 | Orc:1    | Entered Level 1 of the Orcish Mines
 29244 | Orc:1    | Noticed Sonja
 29245 | Orc:1    | Killed Sonja
 29248 | Orc:1    | Noticed Erolcha
 29274 | Orc:1    | Killed Erolcha
 29383 | Orc:1    | Noticed Gastronok
 29746 | Orc:1    | Killed Gastronok
 30099 | Orc:2    | Entered Level 2 of the Orcish Mines
 30226 | Orc:2    | Noticed an orc warlord
 30243 | Orc:2    | Killed an orc warlord
 30331 | Orc:2    | Found Zuekamel's Antique Weapon Shop.
 30339 | Orc:2    | Bought a runed broad axe for 238 gold pieces
 30369 | Orc:2    | Reached skill level 12 in Spellcasting
 30430 | Orc:2    | Reached skill level 10 in Fighting
 30430 | Orc:2    | Reached skill level 10 in Short Blades
 30430 | Orc:2    | Reached skill level 10 in Long Blades
 30430 | Orc:2    | Reached skill level 10 in Axes
 30430 | Orc:2    | Reached skill level 10 in Maces & Flails
 30430 | Orc:2    | Reached skill level 10 in Polearms
 30430 | Orc:2    | Reached skill level 10 in Staves
 30430 | Orc:2    | Reached skill level 10 in Slings
 30430 | Orc:2    | Reached skill level 10 in Bows
 30430 | Orc:2    | Reached skill level 10 in Crossbows
 30430 | Orc:2    | Reached skill level 10 in Throwing
 30430 | Orc:2    | Reached skill level 10 in Armour
 30430 | Orc:2    | Reached skill level 10 in Shields
 30430 | Orc:2    | Reached skill level 10 in Unarmed Combat
 30430 | Orc:2    | Reached skill level 10 in Evocations
 30828 | Orc:2    | Found Weceh's Antique Armour Emporium.
 30904 | Orc:2    | Found a transporter.
 30912 | Orc:2    | Noticed Soeti's ghost (journeyman OpTm)
 30920 | Orc:2    | Found a transporter.
 30949 | Orc:2    | Killed Soeti's ghost
 31177 | Orc:2    | Found Luec Bui's Book Shop.
 31270 | Orc:2    | Found Beaq's General Store.
 31278 | Orc:2    | Found a staircase to the Elven Halls.
 31437 | Orc:2    | Bought a glowing morningstar for 238 gold pieces
 31452 | Orc:2    | Learned a level 6 spell: Freezing Cloud
 31614 | Swamp:1  | Entered Level 1 of the Swamp
 31656 | Swamp:1  | Noticed a thorn hunter
 31678 | Swamp:1  | Killed a thorn hunter
 31830 | Swamp:1  | Found a frozen archway.
 31838 | IceCv    | Entered an ice cave
 32099 | IceCv    | Reached XP level 16. HP: 118/122 MP: 27/32
 32609 | IceCv    | Got a spiked leather armour
 32651 | IceCv    | Identified the cursed +1 leather armour of the Ageless
                  | Demons {Dex+7} (You found it in an ice cave)
 33418 | Swamp:2  | Noticed Frances
 33433 | Swamp:2  | Killed Frances
 33434 | Swamp:2  | Noticed a thorn hunter
 33450 | Swamp:2  | Killed a thorn hunter
 33576 | Swamp:2  | HP: 5/123 [shambling mangrove (22)]
 33576 | Swamp:2  | Mangled by a shambling mangrove

Vault maps used:
D:1:      dpeg_arrival_lava_temple_mockup
D:2:      uniq_terence
D:4:      lemuel_coloured_pillars_altar
D:5:      minmay_temple_entry_overgrown, first_ration, uniq_blork_the_orc
D:6:      sigmund_edmund_badplayer
D:7:      grunt_ogre_cave, grunt_dithmenos_smoke_and_mirrors
D:9:      david_orc_2, special_room
D:10:     nicolae_trove_entry_crystal, serial_shops,
          nicolae_shop_window_shopping
D:11:     dpeg_lair_monsters, serial_shops, nicolae_shop_statue_plus,
          enter_bailey_2
D:12:     ebering_ghost_rock_garden
Temple:   nicolae_temple_the_god_donut
Lair:1:   minmay_holes, minmay_lair_oklob_bushes, serial_bayou_shore_a
Lair:2:   minmay_snake_entry_six_corridors
Lair:3:   beast_lair_carwin_large_3, minmay_swamp_entry_swarm,
          grunt_megastairs_3
Lair:5:   slime_dummy, nicolae_volcano_entry_lava_flow,
          minmay_lair_oklob_chamber, uniq_nessos
Lair:6:   minmay_lair_end_frog_pond, basic_altar, lab_entry_generic
Swamp:1:  portal_ice_cave_entry_pillars_2, evilmike_swamp_ruin_house_2,
          swamp_pool5
Swamp:2:  cheibrodos_swamp_monstrosity, evilmike_swamp_ruin_house_6,
          uniq_frances, uniq_roxanne
Orc:1:    elves_outpost_lemuel, uniq_sonja, uniq_erolcha, uniq_gastronok
Orc:2:    grunt_orc_gardens, grunt_orc_garden, grunt_orc_garden,
          grunt_orc_garden, grunt_orc_garden, gammafunk_ghost_smash
Lab:      labyrinth_green, nicolae_lab_dead_end, nicolae_lab_blocks,
          nicolae_lab_grate, nicolae_lab_do_over
Bailey:   bailey_axe_1, bailey
IceCv:    ice_cave_small_demon
Volcano:  kennysheep_volcano_temple

Skill      XL: |  1  2  3  4  5  6  7  8  9 10 11 12 13 14 15 |
---------------+----------------------------------------------+-----
Conjurations   | 2 3 4 5 6 7 8 9 |  9.2
Summonings     | 2 3 4 5 6 7 8 9 |  9.2
Translocations | 2 3 4 5 6 7 8 9 |  9.2
Invocations    | 1 2 3 4 5 6 7 8 9 10 11 | 11.4
Fighting       | 1 2 3 4 5 6 7 8 9 10 | 10.5
Short Blades   | 1 2 3 4 5 6 7 8 9 10 | 10.5
Long Blades    | 1 2 3 4 5 6 7 8 9 10 | 10.5
Axes           | 1 2 3 4 5 6 7 8 9 10 | 10.5
Maces & Flails | 1 2 3 4 5 6 7 8 9 10 | 10.5
Polearms       | 1 2 3 4 5 6 7 8 9 10 | 10.5
Staves         | 1 2 3 4 5 6 7 8 9 10 | 10.5
Slings         | 1 2 3 4 5 6 7 8 9 10 | 10.5
Bows           | 1 2 3 4 5 6 7 8 9 10 | 10.5
Crossbows      | 1 2 3 4 5 6 7 8 9 10 | 10.5
Throwing       | 1 2 3 4 5 6 7 8 9 10 | 10.5
Armour         | 1 2 3 4 5 6 7 8 9 10 | 10.5
Shields        | 1 2 3 4 5 6 7 8 9 10 | 10.5
Unarmed Combat | 1 2 3 4 5 6 7 8 9 10 | 10.5
Evocations     | 1 2 3 4 5 6 7 8 9 10 | 10.5
Hexes          | 1 2 3 4 5 6 7 8 |  8.9
Charms         | 1 2 3 4 5 6 7 8 |  8.9
Necromancy     | 1 2 3 4 5 6 7 8 |  8.9
Transmutations | 1 2 3 4 5 6 7 8 |  8.9
Fire Magic     | 1 2 3 4 5 6 7 8 |  8.9
Ice Magic      | 1 2 3 4 5 6 7 8 |  8.9
Air Magic      | 1 2 3 4 5 6 7 8 |  8.9
Earth Magic    | 1 2 3 4 5 6 7 8 |  8.9
Poison Magic   | 1 2 3 4 5 6 7 8 |  8.9
Dodging        | 5 6 7 8 9 10 11 | 11.4
Stealth        | 5 6 7 8 9 10 11 | 11.2
Spellcasting   | 8 9 10 11 12 | 12.4

Action                   |  1- 3 |  4- 6 |  7- 9 | 10-12 | 13-15 | 16-18 || total
-------------------------+-------+-------+-------+-------+-------+-------++-------
Melee: Short sword       |     8 |    86 |   545 |   902 |   503 |       ||  2044
       Bite              |     1 |     5 |    75 |   219 |   307 |    52 ||   659
       Punch             |       |       |     5 |    15 |     7 |       ||    27
       Unarmed           |       |       |       |     6 |    37 |       ||    43
       Lajatang          |       |       |       |       |   549 |       ||   549
       Morningstar       |       |       |       |       |   169 |   134 ||   303
       Broad axe         |       |       |       |       |   153 |    60 ||   213
 Fire: Blowgun           |       |    18 |    10 |     3 |       |       ||    31
Throw: Throwing net      |       |       |       |     3 |     1 |       ||     4
 Cast: Magic Dart        |    67 |   119 |   103 |   262 |   177 |       ||   728
       Conjure Flame     |       |     1 |       |     4 |       |       ||     5
       Blink             |       |     2 |     8 |     7 |     4 |     5 ||    26
       Mephitic Cloud    |       |       |    23 |    38 |    25 |     2 ||    88
       Ice Form          |       |       |       |     2 |       |       ||     2
       Regeneration      |       |       |       |     1 |    17 |     1 ||    19
       Apportation       |       |       |       |     1 |       |       ||     1
       Fulminant Prism   |       |       |       |       |    11 |       ||    11
Invok: Bend Time         |       |       |     4 |     4 |     2 |     1 ||    11
       Slouch            |       |       |       |       |     8 |     2 ||    10
Evoke: Wand              |       |       |       |     7 |     6 |       ||    13
       Lamp of fire      |       |       |       |     1 |       |       ||     1
  Use: Scroll            |     3 |    10 |     6 |    11 |    11 |     1 ||    42
       Potion            |       |       |       |     4 |     7 |     1 ||    12
 Stab: Sleeping          |     1 |     2 |    11 |    16 |    20 |     7 ||    57
       Confused          |       |       |     9 |    20 |     8 |       ||    37
       Held in net/web   |       |       |       |     1 |     8 |       ||     9
       Distracted        |       |       |       |     2 |     3 |     1 ||     6
       Invisible         |       |       |       |       |     7 |       ||     7
       Paralysed         |       |       |       |       |     2 |       ||     2
  Eat: Chunk             |       |     9 |    12 |    10 |    13 |       ||    44
       Ration            |       |       |     2 |     2 |     5 |     1 ||    10
Armor: Robe              |     3 |    25 |   112 |    39 |       |       ||   179
       Skin              |       |       |       |    24 |       |       ||    24
       Shadow dragon sca |       |       |       |   106 |   443 |    40 ||   589
       Leather armour    |       |       |       |     7 |       |       ||     7
Dodge: Dodged            |     7 |    79 |   449 |   587 |  1249 |   111 ||  2482
Block: Buckler           |       |       |       |   332 |   554 |   127 ||  1013
       Reflection        |       |       |       |    27 |    15 |     3 ||    45
       Other             |       |       |       |     6 |   126 |       ||   132

Table legend:
 A = Non-vault XP
 B = Vault XP
 C = Vault XP percentage of total XP
 D = Non-vault monster count
 E = Vault monster count
 F = Vault count percentage of total count
                 A         B        C        D         E       F
            +---------+---------+-------+---------+---------+-------
      Total |   73880 |   69891 |  48.6 |     541 |     252 |  31.8
            +---------+---------+-------+---------+---------+-------
        D:1 |      28 |       0 |   0.0 |      19 |       0 |   0.0
        D:2 |     112 |      36 |  24.3 |      27 |       1 |   3.6
        D:3 |     190 |       0 |   0.0 |      33 |       0 |   0.0
        D:4 |     565 |       0 |   0.0 |      13 |       0 |   0.0
        D:5 |     607 |      90 |  12.9 |      21 |       1 |   4.5
        D:6 |     996 |     366 |  26.9 |      34 |       2 |   5.6
        D:7 |    1103 |     122 |  10.0 |      18 |       1 |   5.3
        D:8 |    2877 |       0 |   0.0 |      36 |       0 |   0.0
        D:9 |    2453 |    1612 |  39.7 |      49 |      31 |  38.8
       D:10 |    1016 |       0 |   0.0 |      20 |       0 |   0.0
       D:11 |    2723 |    4364 |  61.6 |      26 |       5 |  16.1
       D:12 |    3393 |       0 |   0.0 |      21 |       0 |   0.0
     Lair:1 |    2224 |       0 |   0.0 |      13 |       0 |   0.0
     Lair:2 |    6597 |     685 |   9.4 |      18 |      10 |  35.7
     Lair:3 |    5157 |    2829 |  35.4 |      23 |      15 |  39.5
     Lair:4 |    5968 |       0 |   0.0 |      16 |       0 |   0.0
     Lair:5 |    2732 |    4118 |  60.1 |      12 |       8 |  40.0
     Lair:6 |   18161 |   12373 |  40.5 |      56 |      50 |  47.2
    Swamp:1 |    7199 |     400 |   5.3 |      13 |       3 |  18.8
    Swamp:2 |    5877 |    2354 |  28.6 |      10 |       1 |   9.1
      Orc:1 |    1784 |    7448 |  80.7 |      43 |       9 |  17.3
      Orc:2 |    2118 |   16088 |  88.4 |      20 |      34 |  63.0
        Lab |       0 |    3126 | 100.0 |       0 |      10 | 100.0
     Bailey |       0 |    1243 | 100.0 |       0 |      32 | 100.0
      IceCv |       0 |    6719 | 100.0 |       0 |      31 | 100.0
    Volcano |       0 |    5918 | 100.0 |       0 |       8 | 100.0
            +---------+---------+-------+---------+---------+-------
